[Event "Elitserien 2019/2020, round 7-9"]
[Site "Elite stadshotellet, Kungsgatan 6, Vaxjo, Sweden"]
[Date "2020.10.16"]
[Round "1.5"]
[White "Eklund, Joel"]
[Black "Akerman, Axel"]
[Result "1-0"]
[TimeControl "90 minutes for 40 moves + 30 minutes for the rest of the game + 30 seconds per move from move one."]
[WhiteFideId "1705288"]
[BlackFideId "1715810"]
[WhiteElo "2216"]
[BlackElo "2199"]

1. d4 d5 2. Bg5 Bf5 3. c4 c6 4. Qb3 Qb6 5. Nc3 e6 6. c5 Qxb3 7. axb3 e5 8. e3 Nd7 9. b4 h6 10.
Bh4 g5 11. Bg3 exd4 12. exd4 Bg7 13. Nf3 Ne7 14. Kd2 O-O 15. Bd3 Rfe8 16. Rhe1 Be4 17. Bxe4 dxe4 18. Nxe4 f5 19. Nd6 f4 20.
Bxf4 gxf4 21. Nxe8 Rxe8 22. Rxa7 Nf6 23. Rxb7 Nfd5 24. b5 cxb5 25. Rxb5 Rd8 26. Rb7 Kf8 27. Re6 Rc8 28. Rd6 Nf6 29.
Kd3 Nc6 30. b4 Ne8 31. Re6 Nf6 32. Ne5 Nxe5+ 33. Rxe5 Kg8 34. Rf5 Rd8 35. Rxf4 h5 36. Kc4 Ra8 37. d5 Ra1 38. d6 Rc1+ 39.
Kb5 Rd1 40. Rf5 Ne4 41. Kc6 h4 42. d7 h3 43. gxh3 1-0

[Event "Elitserien 2019/2020, round 7-9"]
[Site "Elite stadshotellet, Kungsgatan 6, Vaxjo, Sweden"]
[Date "2020.10.16"]
[Round "1.6"]
[White "Fraenkel, Mikael"]
[Black "Holst, Conny"]
[Result "0-1"]
[TimeControl "90 minutes for 40 moves + 30 minutes for the rest of the game + 30 seconds per move from move one."]
[BlackTitle "FM"]
[WhiteFideId "1706985"]
[BlackFideId "1701428"]
[WhiteElo "2045"]
[BlackElo "2128"]

1. e4 c5 2. Nf3 d6 3. d4 cxd4 4. Nxd4 Nf6 5. Nc3 Nc6 6. Bc4 Bd7 7. f3 g6 8. Be3 Bg7 9. Qd2 Rc8 10.
Bb3 O-O 11. O-O-O Na5 12. Bg5 a6 13. Rhe1 b5 14. Nd5 Nxb3+ 15. axb3 Nxd5 16. exd5 Re8 17. Re2 Rc5 18. Nc6 Bxc6 19.
dxc6 Rxc6 20. Rde1 Rc7 21. h4 d5 22. Qb4 f6 23. Be3 Rd7 24. c3 e5 25. h5 gxh5 26. Qh4 Qa5 27. Qxh5 Rc8 28.
Rh1 d4 29. Qxh7+ Kf8 30. Bd2 d3 31. Ree1 Qa1# 0-1

[Event "Elitserien 2019/2020, round 7-9"]
[Site "Elite stadshotellet, Kungsgatan 6, Vaxjo, Sweden"]
[Date "2020.10.16"]
[Round "1.7"]
[White "Mansson, Peter"]
[Black "Andersson, Bjorn"]
[Result "1/2-1/2"]
[TimeControl "90 minutes for 40 moves + 30 minutes for the rest of the game + 30 seconds per move from move one."]
[BlackTitle "FM"]
[WhiteFideId "1703048"]
[BlackFideId "1702114"]
[WhiteElo "2143"]
[BlackElo "2153"]

1. e4 c5 2. Nc3 Nc6 3. Bb5 e6 4. Bxc6 bxc6 5. d3 Ne7 6. f4 Ng6 7. Nf3 Be7 8. O-O Qc7 9. f5 Nf8 10.
Ng5 Bf6 11. Qh5 d6 12. fxe6 Bxe6 13. Bf4 O-O-O 14. Rae1 Ng6 15. Nxe6 fxe6 16. Bg5 Rdf8 17. Bxf6 gxf6 18. Ne2 Rhg8 19.
Qh3 Qe7 20. d4 Kc7 21. dxc5 dxc5 22. Qa3 Kb8 23. Nf4 Nxf4 24. Rxf4 Qd6 25. Qf3 Rg5 26. Rd1 Qe7 27. e5 Rxe5 28.
Qxc6 Qc7 29. Qb5+ Qb6 30. Qd7 Qc7 31. Qb5+ Qb6 32. Qd7 Qc7 33. Qb5+ 1/2-1/2

[Event "Elitserien 2019/2020, round 7-9"]
[Site "Elite stadshotellet, Kungsgatan 6, Vaxjo, Sweden"]
[Date "2020.10.16"]
[Round "1.8"]
[White "Akerman, Emil"]
[Black "Hogeman, Joel"]
[Result "0-1"]
[TimeControl "90 minutes for 40 moves + 30 minutes for the rest of the game + 30 seconds per move from move one."]
[WhiteFideId "1715828"]
[BlackFideId "1724851"]
[WhiteElo "1964"]
[BlackElo "2175"]

1. c4 e6 2. Nf3 Nf6 3. g3 d5 4. cxd5 exd5 5. d4 Bd6 6. Nc3 c6 7. Qc2 O-O 8. Bg2 Re8 9. O-O Bg4 10.
Re1 Nbd7 11. Bg5 h6 12. Bxf6 Nxf6 13. Nd2 Bh5 14. e4 dxe4 15. Ndxe4 Bf8 16. Nxf6+ Qxf6 17. d5 c5 18. h3 a6 19.
Ne4 Qb6 20. g4 Bg6 21. Rad1 Qa5 22. a3 b5 23. d6 Bxd6 24. Qc1 Bxe4 25. Bxe4 Rad8 26. g5 hxg5 27. Qxg5 Re6 28. Kf1 Rde8 29.
Re3 Bf8 30. Ke2 Rxe4 31. Rg1 Qd8 32. Qh5 Qd4 33. Rgg3 Qxb2+ 34. Kf1 Qc1+ 35. Ke2 Qc4+ 36. Kf3 Rxe3+ 37. fxe3 Qf1+ 38. Kg4 Re4+ 0-1

[Event "Elitserien 2019/2020, round 7-9"]
[Site "Elite stadshotellet, Kungsgatan 6, Vaxjo, Sweden"]
[Date "2020.10.17"]
[Round "2.1"]
[White "Lindberg, Bengt"]
[Black "Haitin, Ilja"]
[Result "1/2-1/2"]
[TimeControl "90 minutes for 40 moves + 30 minutes for the rest of the game + 30 seconds per move from move one."]
[WhiteTitle "IM"]
[BlackTitle "FM"]
[WhiteFideId "1700359"]
[BlackFideId "4501764"]
[WhiteElo "2401"]
[BlackElo "2349"]

1. e4 d6 2. d4 Nf6 3. Nc3 e5 4. Nf3 Nbd7 5. Bc4 Be7 6. O-O O-O 7. Re1 c6 8. a4 h6 9. h3 Re8 10.
d5 Nb6 11. Bf1 cxd5 12. exd5 Bf5 13. a5 Nbd7 14. a6 bxa6 15. Bxa6 Nc5 16. Bb5 Bd7 17. Bxd7 Ncxd7 18. Nd2 Qc8 19.
Nb3 Bd8 20. Be3 Bb6 21. Na5 Bc5 22. Bxc5 Qxc5 23. Nb3 Qb6 24. Qd3 Nc5 25. Nxc5 Qxc5 26. Ra4 Rac8 27. Rea1 e4 28. Nxe4 Nxe4 29.
Rxe4 Rxe4 30. Qxe4 Qxc2 31. Qxc2 Rxc2 32. Rxa7 Rc1+ 33. Kh2 Rc5 34. Rb7 Rxd5 35. Kg3 Rd2 36. Kf3 h5 37. h4 g6 38.
g3 Kg7 39. Ke3 Rc2 40. Rb6 Kf8 41. Rxd6 1/2-1/2

[Event "Elitserien 2019/2020, round 7-9"]
[Site "Elite stadshotellet, Kungsgatan 6, Vaxjo, Sweden"]
[Date "2020.10.17"]
[Round "2.2"]
[White "Krupenski, Juri"]
[Black "Alle Wahlin, Ambjorn"]
[Result "1/2-1/2"]
[TimeControl "90 minutes for 40 moves + 30 minutes for the rest of the game + 30 seconds per move from move one."]
[WhiteTitle "IM"]
[WhiteFideId "4501101"]
[BlackFideId "1714805"]
[WhiteElo "2386"]
[BlackElo "2257"]

1. e4 c5 2. Nf3 Nc6 3. d4 cxd4 4. Nxd4 e5 5. Nb5 d6 6. a4 Be6 7. N1c3 a6 8. Na3 Rc8 9. Nd5 Nf6 10.
Bg5 Qa5+ 11. Bd2 Qd8 12. Nxf6+ Qxf6 13. Bd3 d5 14. O-O Bc5 15. c3 d4 16. Nc2 dxc3 17. bxc3 O-O 18. Rb1 Rfd8 19.
Qe2 Qe7 20. Be3 Rc7 21. Bc4 Na5 22. Bxe6 fxe6 23. Qh5 Nc4 24. Bg5 Qe8 25. Qxe8+ Rxe8 26. Rfe1 h6 27. Bh4 g5 28. Bg3 Rd8 29.
Red1 Rcd7 30. Rxd7 Rxd7 31. Ne1 Nd2 32. Rb2 Nc4 33. Rb1 Nd2 34. Rb2 Nc4 1/2-1/2

[Event "Elitserien 2019/2020, round 7-9"]
[Site "Elite stadshotellet, Kungsgatan 6, Vaxjo, Sweden"]
[Date "2020.10.17"]
[Round "2.3"]
[White "Solodovnichenko, Yuri"]
[Black "Larsson, Victor"]
[Result "1/2-1/2"]
[TimeControl "90 minutes for 40 moves + 30 minutes for the rest of the game + 30 seconds per move from move one."]
[WhiteTitle "GM"]
[WhiteFideId "14104369"]
[BlackFideId "1707019"]
[WhiteElo "2574"]
[BlackElo "2186"]

1. e4 c5 2. Nf3 Nc6 3. Bb5 g6 4. Bxc6 dxc6 5. d3 Bg7 6. h3 e5 7. Be3 Qe7 8. Nc3 Nf6 9. Qd2 h6 10.
O-O Nd7 11. Nh2 Nf8 12. f4 exf4 13. Bxf4 Ne6 14. Bg3 Nd4 15. Rae1 O-O 16. Nd1 Bd7 17. Ne3 Qg5 18. Bf4 Qh5 19.
Neg4 Bxg4 20. hxg4 Qh4 21. Re3 Qe7 22. Rh3 g5 23. Be3 Qd7 24. c3 Ne6 25. Rf5 b6 26. Nf1 Rad8 27. Qf2 Qc7 28. Qc2 Rd7 29. Bf2 Nf4 30.
Rf3 Qd8 31. d4 cxd4 32. cxd4 Bxd4 33.
Bxd4 Rxd4 34. Qxc6 Rd6 35. Qc4 Rd4 36. Qc6 Rd6 37. Qc4 Rd1 1/2-1/2

[Event "Elitserien 2019/2020, round 7-9"]
[Site "Elite stadshotellet, Kungsgatan 6, Vaxjo, Sweden"]
[Date "2020.10.17"]
[Round "2.4"]
[White "Akerman, Axel"]
[Black "Golubka, Petro"]
[Result "1/2-1/2"]
[TimeControl "90 minutes for 40 moves + 30 minutes for the rest of the game + 30 seconds per move from move one."]
[BlackTitle "GM"]
[WhiteFideId "1715810"]
[BlackFideId "14114224"]
[WhiteElo "2199"]
[BlackElo "2490"]

1. e4 b6 2. Nc3 Bb7 3. f4 e6 4. Nf3 Bb4 5. Bd3 Nh6 6. a3 Be7 7. b4 O-O 8. Be2 c5 9. bxc5 bxc5 10.
Rb1 Bc6 11. O-O f5 12. d3 Qc8 13. Qe1 Bf6 14. Ne5 d6 15. Nc4 Rd8 16. e5 dxe5 17. fxe5 Be7 18. Bxh6 gxh6 19. Bf3 Nd7 20.
Qg3+ Kh8 21. Qh3 Rg8 22. Qxh6 Rg6 23. Qh3 Qa6 24. Ne2 Bg5 25. g3 Bxf3 26. Rxf3 Nb6 27. Nd6 1/2-1/2

[Event "Elitserien 2019/2020, round 7-9"]
[Site "Elite stadshotellet, Kungsgatan 6, Vaxjo, Sweden"]
[Date "2020.10.17"]
[Round "2.5"]
[White "Rydstrom, Tom"]
[Black "Linusson, Pelle"]
[Result "1-0"]
[TimeControl "90 minutes for 40 moves + 30 minutes for the rest of the game + 30 seconds per move from move one."]
[WhiteTitle "FM"]
[WhiteFideId "1714830"]
[BlackFideId "1709062"]
[WhiteElo "2248"]
[BlackElo "2249"]

1. e4 e5 2. Nf3 Nc6 3. Bb5 a6 4. Ba4 Nf6 5. d3 d6 6. c4 Be7 7. Nc3 O-O 8. h3 h6 9. Be3 Nh7 10.
c5 Ng5 11. cxd6 cxd6 12. Bb3 Nxf3+ 13. Qxf3 Be6 14. O-O Bxb3 15. axb3 Bg5 16. Qg4 Nb4 17. Rad1 Rc8 18. d4 Bxe3 19.
fxe3 Qb6 20. Rf3 Rce8 21. Rg3 g6 22. Rf1 d5 23. dxe5 Rxe5 24. Qf4 Rg5 25. Rxg5 hxg5 26. Qxg5 Re8 27.
Rf6 Qc7 28. exd5 Qc5 29. Rf3 Nc2 30. Qf4 f5 31. Qh6 Qd6 32. Ne2 Qb6 33. Rg3 Kf7 34. Qh7+ Kf8 35. Rxg6 Qxe3+ 36. Kh1 1-0

[Event "Elitserien 2019/2020, round 7-9"]
[Site "Elite stadshotellet, Kungsgatan 6, Vaxjo, Sweden"]
[Date "2020.10.17"]
[Round "2.6"]
[White "Fraenkel, Mikael"]
[Black "Olofsson-Dolk, Mattis"]
[Result "0-1"]
[TimeControl "90 minutes for 40 moves + 30 minutes for the rest of the game + 30 seconds per move from move one."]
[WhiteFideId "1706985"]
[BlackFideId "1715178"]
[WhiteElo "2045"]
[BlackElo "2218"]

1. e4 c5 2. Nf3 d6 3. d4 cxd4 4. Nxd4 Nf6 5. Nc3 a6 6. Be2 e5 7. Nb3 Be7 8. O-O O-O 9. Kh1 b5 10.
a4 Bb7 11. f3 b4 12. Nd5 Nxd5 13. exd5 Nd7 14. a5 Nf6 15. Bc4 Qc7 16. Qd3 Rfc8 17. Nd2 Qc5 18. b3 Bxd5 19. Rd1 Rc6 20.
Ra4 e4 21. Qe2 exf3 22. gxf3 Bxc4 23. Nxc4 d5 24. Nb6 Re8 25. Be3 Qxc2 26. Qxc2 Rxc2 27. Bd4 Bc5 28. Bxc5 Rxc5 29. Kg2 g6 30.
Rd4 Re2+ 31. Kh3 Rcc2 32. Nxd5 Rxh2+ 33. Kg3 Nh5+ 34. Kg4 Rcg2# 0-1

[Event "Elitserien 2019/2020, round 7-9"]
[Site "Elite stadshotellet, Kungsgatan 6, Vaxjo, Sweden"]
[Date "2020.10.17"]
[Round "2.7"]
[White "Lindahl, Emil"]
[Black "Andersson, Bjorn"]
[Result "1-0"]
[TimeControl "90 minutes for 40 moves + 30 minutes for the rest of the game + 30 seconds per move from move one."]
[BlackTitle "FM"]
[WhiteFideId "1713116"]
[BlackFideId "1702114"]
[WhiteElo "2179"]
[BlackElo "2153"]

1. d4 c5 2. d5 d6 3. c4 g6 4. Nc3 Bg7 5. Nf3 Na6 6. e4 Nc7 7. Be2 Bd7 8. a4 Nf6 9. O-O O-O 10.
Re1 a6 11. a5 Rb8 12. Qc2 e5 13. Na4 Nce8 14. Nb6 Bg4 15. Be3 Nd7 16. Nxd7 Qxd7 17. b4 cxb4 18. Rab1 f5 19. Rxb4 fxe4 20.
Ng5 Nf6 21. Bxg4 Nxg4 22. Ne6 Rf7 23. Qxe4 Nxe3 24. Qxe3 Bf6 25. Reb1 Bd8 26. Qa7 Qc8 27. Nxd8 Qxd8 28. Qxa6 Rxf2 29.
Rxb7 Rxb7 30. Qxb7 Rf8 31. a6 Qh4 32. Qb6 Qxc4 33. a7 Rc8 34. h3 Qa2 35. Qb8 Kg7 36. Rb7+ Kh6 37. Qxc8 1-0

[Event "Elitserien 2019/2020, round 7-9"]
[Site "Elite stadshotellet, Kungsgatan 6, Vaxjo, Sweden"]
[Date "2020.10.17"]
[Round "2.8"]
[White "Akerman, Emil"]
[Black "Lundstedt, Peter"]
[Result "0-1"]
[TimeControl "90 minutes for 40 moves + 30 minutes for the rest of the game + 30 seconds per move from move one."]
[WhiteFideId "1715828"]
[BlackFideId "1718444"]
[WhiteElo "1964"]
[BlackElo "2088"]

1. c4 e6 2. Nf3 d5 3. d4 Nf6 4. cxd5 exd5 5. Nc3 c6 6. g3 Bf5 7. Bf4 Bd6 8. Bxd6 Qxd6 9. Bg2 O-O 10.
O-O Nbd7 11. Rc1 Rfe8 12. h3 h6 13. Re1 Ne4 14. Nh4 Bh7 15. Nxe4 dxe4 16. Bh1 e3 17. d5 exf2+ 18. Kxf2 c5 19.
Qd2 Nf6 20. Qf4 Qd8 21. Nf5 Nxd5 22. Qg4 Qf6 23. Bxd5 Bxf5 24. Qf3 Re7 25. g4 Qd4+ 26. Kg2 Bg6 27. Rc4 Qxc4 28. Bxc4 Be4 29.
Bxf7+ Kf8 30. Bd5+ Bxf3+ 31. Kxf3 Rd8 32. Rd1 Rf7+ 33. Kg3 Rf6 34. e4 Ke7 35. Rc1 b6 36. Rc3 Kd6 37. Ra3 Rd7 38.
Kg2 Ke5 39. Kg3 g5 40. Rc3 Rc7 41. a4 a6 42. b3 b5 43. a5 Kd4 44. Rc1 c4 45. Rd1+ Ke5 46. bxc4 bxc4 47. Ba8 c3 48.
Rd5+ Ke6 49. e5 Rf8 0-1

[Event "Elitserien 2019/2020, round 7-9"]
[Site "Elite stadshotellet, Kungsgatan 6, Vaxjo, Sweden"]
[Date "2020.10.18"]
[Round "3.1"]
[White "Jepson, Christian"]
[Black "Berg, Emanuel"]
[Result "1-0"]
[TimeControl "90 minutes for 40 moves + 30 minutes for the rest of the game + 30 seconds per move from move one."]
[WhiteTitle "IM"]
[BlackTitle "GM"]
[WhiteFideId "1701185"]
[BlackFideId "1704060"]
[WhiteElo "2384"]
[BlackElo "2544"]

1. d4 Nf6 2. c4 g6 3. Nc3 Bg7 4. e4 d6 5. Be2 O-O 6. Nf3 e5 7. d5 a5 8. Bg5 h6 9. Be3 Ng4 10.
Bd2 f5 11. h3 Nf6 12. exf5 gxf5 13. Qc1 f4 14. g3 e4 15. Nh4 fxg3 16. fxg3 Kh7 17. Be3 Na6 18. Qd2 Nc5 19. O-O-O a4 20.
Rdf1 c6 21. Qc2 cxd5 22. cxd5 Qb6 23. Kb1 a3 24. b3 Bd7 25. Rxf6 Bxf6 26. Nxe4 Qxb3+ 27. Qxb3 Nxb3 28. Nxf6+ Rxf6 29.
axb3 Ra5 30. Bd3+ Kg8 31. Ka2 h5 32. Bb6 Ra8 33. Rf1 Rxf1 34. Bxf1 Kf7 35. Bd3 Rg8 36. Nf5 Bxf5 37. Bxf5 Rxg3 38.
Kxa3 Kf6 39. Be6 Ke5 40. Ka4 Ke4 41. b4 Ke5 42. Kb5 Rb3 43. Ba5 Rg3 44. Kb6 Rg7 45. b5 Rh7 46. Bc3+ Ke4 47.
Bb4 Ke5 48. Ka7 Rc7 49. Be1 Kd4 50. Kb6 Rc1 51. Bg3 Kc4 52. Bxd6 Rb1 53. Kxb7 Kxb5 54. Be7 Re1 55. Kc7 Kc4 56.
Bf6 Kc5 57. Bh4 Re4 58. Bf2+ Kb5 59. Kd6 1-0

[Event "Elitserien 2019/2020, round 7-9"]
[Site "Elite stadshotellet, Kungsgatan 6, Vaxjo, Sweden"]
[Date "2020.10.18"]
[Round "3.2"]
[White "Grigorov, Grigor"]
[Black "Brynell, Stellan"]
[Result "1/2-1/2"]
[TimeControl "90 minutes for 40 moves + 30 minutes for the rest of the game + 30 seconds per move from move one."]
[WhiteTitle "GM"]
[BlackTitle "GM"]
[WhiteFideId "2907313"]
[BlackFideId "1700219"]
[WhiteElo "2507"]
[BlackElo "2409"]

1. c4 Nf6 2. g3 e5 3. Bg2 h6 4. Nf3 e4 5. Nd4 Nc6 6. Nc2 Bc5 7. Nc3 Qe7 8. O-O d6 9. d4 exd3 10.
exd3 Bg4 11. Qd2 O-O 12. d4 Bb6 13. b4 a6 14. Bb2 Qd7 15. Rfe1 Rfe8 16. a4 Bf5 17. Rxe8+ Rxe8 18. a5 Ba7 19.
b5 Nxa5 20. Rxa5 Bxc2 21. Bxb7 Qf5 22. Rxa6 Bb6 23. Bc6 Re7 24. c5 dxc5 25. d5 Qd3 26. Qxd3 Bxd3 27. d6 Re1+ 28. Kg2 Bf1+ 29.
Kf3 Bh3 30. Nd5 Bg4+ 31. Kg2 Nxd5 32. Bxd5 Re2 33. dxc7 Bxc7 34. Bc3 Be6 35. Bxe6 Rxe6 36. Rxe6 fxe6 37. Kf3 Kf7 38. Ke4 g6 39. Kd3 Ke7 40. Kc4 Bb6 41. Be5 h5 42. f3 Kd7 43. Kb3 Ke7 44. Ka4 Kd7 45.
Bc3 Kc7 46. Kb3 Kd6 47. Kc4 Kd7 48. Be5 Ke7 49. Kd3 Kd7 50. Kc4 Ke7 51. Kb3 Kd7 52. Ka4 Kd8 53. f4 Kd7 54. Bc3 Bc7 55.
Ba5 Bb8 56. Kb3 h4 57. Kc4 hxg3 58. hxg3 e5 59. Bd2 exf4 60. gxf4 Bd6 61. Kd5 Be7 62. b6 Bd6 63. Be3 c4 64.
Kxc4 Kc6 65. Kd3 1/2-1/2

[Event "Elitserien 2019/2020, round 7-9"]
[Site "Elite stadshotellet, Kungsgatan 6, Vaxjo, Sweden"]
[Date "2020.10.18"]
[Round "3.3"]
[White "Eklund, Joel"]
[Black "Bellon Lopez, Juan Manuel"]
[Result "1-0"]
[TimeControl "90 minutes for 40 moves + 30 minutes for the rest of the game + 30 seconds per move from move one."]
[BlackTitle "GM"]
[WhiteFideId "1705288"]
[BlackFideId "2200031"]
[WhiteElo "2216"]
[BlackElo "2348"]

1. d4 Nf6 2. c4 a6 3. f3 c5 4. d5 e5 5. e4 d6 6. Nc3 Be7 7. Be3 O-O 8. Qd2 Ne8 9. Bd3 Nd7 10.
Nge2 Kh8 11. g3 g6 12. h4 Ng7 13. h5 Nxh5 14. O-O-O b5 15. g4 Nhf6 16. Ng3 bxc4 17. Bc2 Nxg4 18.
fxg4 Nf6 19. g5 Ng4 20. Rh4 f6 21. Rdh1 Rf7 22. Nf5 Nxe3 23. Qh2 1-0

[Event "Elitserien 2019/2020, round 7-9"]
[Site "Elite stadshotellet, Kungsgatan 6, Vaxjo, Sweden"]
[Date "2020.10.18"]
[Round "3.4"]
[White "Cramling, Pia"]
[Black "Lindgren, Philip"]
[Result "0-1"]
[TimeControl "90 minutes for 40 moves + 30 minutes for the rest of the game + 30 seconds per move from move one."]
[WhiteTitle "GM"]
[BlackTitle "IM"]
[WhiteFideId "1700030"]
[BlackFideId "1713230"]
[WhiteElo "2470"]
[BlackElo "2356"]

1. d4 Nf6 2. c4 e6 3. Nf3 d5 4. Bg5 h6 5. Bxf6 Qxf6 6. g3 c5 7. cxd5 exd5 8. Nc3 Be6 9. Bg2 Nc6 10.
O-O cxd4 11. Nb5 Rc8 12. Rc1 Be7 13. Nfxd4 O-O 14. e3 a6 15. Nxc6 Rxc6 16. Nd4 Rxc1 17. Qxc1 Rc8 18. Qd2 Rc5 19.
Rd1 Qe5 20. Qd3 Bg4 21. Re1 Bf6 22. h3 Bd7 23. Rd1 Qc7 24. Rd2 Bxd4 25. Qxd4 Be6 26. Kh2 a5 27. b3 b6 28. h4 Rb5 29.
Qd3 Rc5 30. Bf3 Qe5 31. Qa6 Qc3 32. Re2 b5 33. Qd6 b4 34. e4 Qxf3 35. Qxc5 Qxe2 36. exd5 Bf5 37. d6 Qf3 0-1

[Event "Elitserien 2019/2020, round 7-9"]
[Site "Elite stadshotellet, Kungsgatan 6, Vaxjo, Sweden"]
[Date "2020.10.18"]
[Round "3.5"]
[White "Hogeman, Joel"]
[Black "Moreau, Teodor"]
[Result "1/2-1/2"]
[TimeControl "90 minutes for 40 moves + 30 minutes for the rest of the game + 30 seconds per move from move one."]
[BlackTitle "FM"]
[WhiteFideId "1724851"]
[BlackFideId "1701177"]
[WhiteElo "2175"]
[BlackElo "2342"]

1. e4 c5 2. Nc3 Nc6 3. Bb5 g6 4. Bxc6 dxc6 5. d3 e5 6. f4 Qh4+ 7. g3 Qe7 8. Nf3 f6 9. O-O Bg4 10.
fxe5 fxe5 11. Qe1 Nf6 12. a3 Bg7 13. Kg2 Qd7 14. Ng1 O-O 15. Be3 b6 16. b3 Be6 17. h3 Nh5 18. Qd2 Rad8 19.
Bg5 Rde8 20. Be3 Rd8 21. Bg5 Rde8 22. Be3 1/2-1/2

[Event "Elitserien 2019/2020, round 7-9"]
[Site "Elite stadshotellet, Kungsgatan 6, Vaxjo, Sweden"]
[Date "2020.10.18"]
[Round "3.6"]
[White "Wernberg, Hugo"]
[Black "Nylen, Anders"]
[Result "1/2-1/2"]
[TimeControl "90 minutes for 40 moves + 30 minutes for the rest of the game + 30 seconds per move from move one."]
[WhiteTitle "CM"]
[WhiteFideId "1737511"]
[BlackFideId "1701207"]
[WhiteElo "2063"]
[BlackElo "2188"]

1. e4 c5 2. Nf3 d6 3. d4 cxd4 4. Nxd4 Nf6 5. Nc3 a6 6. Bg5 e6 7. f4 Be7 8. Qf3 Qc7 9. O-O-O Nbd7 10.
g4 b5 11. Bxf6 gxf6 12. f5 Ne5 13. Qh3 O-O 14. Rg1 Kh8 15. Rg3 Rg8 16. Nce2 Bd7 17. Nf4 Rac8 18. Kb1 Qb7 19. Qh6 Nxg4 20.
Qh4 Ne5 21. Bh3 Rxg3 22. hxg3 Rg8 23. Rh1 Rg7 24. fxe6 fxe6 25. Bxe6 Bxe6 26. Nfxe6 Rf7 27. Nf5 Qc8 28. Neg7 Qg8 29.
Ne6 Qc8 30. Neg7 Qg8 31. Ne6 1/2-1/2

[Event "Elitserien 2019/2020, round 7-9"]
[Site "Elite stadshotellet, Kungsgatan 6, Vaxjo, Sweden"]
[Date "2020.10.18"]
[Round "3.7"]
[White "Nilsson, Patrik"]
[Black "Nordstrom, Felix"]
[Result "1/2-1/2"]
[TimeControl "90 minutes for 40 moves + 30 minutes for the rest of the game + 30 seconds per move from move one."]
[BlackTitle "FM"]
[WhiteFideId "1708112"]
[BlackFideId "1701509"]
[WhiteElo "1949"]
[BlackElo "2096"]

1. b3 e5 2. Bb2 d6 3. e3 Nf6 4. Nf3 g6 5. d4 exd4 6. exd4 Bg7 7. Be2 O-O 8. O-O Bg4 9. c4 d5 10.
h3 Bf5 11. Nc3 c6 12. Ne5 Nbd7 13. cxd5 Nxd5 14. Nxd5 cxd5 15. Bf3 Be6 16. Re1 Re8 17. Qd2 Nf8 18. Rad1 Rc8 19. Rc1 Qb6 20.
Rxc8 Rxc8 21. Rc1 Rxc1+ 1/2-1/2

[Event "Elitserien 2019/2020, round 7-9"]
[Site "Elite stadshotellet, Kungsgatan 6, Vaxjo, Sweden"]
[Date "2020.10.18"]
[Round "3.8"]
[White "Wenzel, Birger"]
[Black "Holst, Conny"]
[Result "0-1"]
[TimeControl "90 minutes for 40 moves + 30 minutes for the rest of the game + 30 seconds per move from move one."]
[BlackTitle "FM"]
[WhiteFideId "4657497"]
[BlackFideId "1701428"]
[WhiteElo "2059"]
[BlackElo "2128"]

1. c4 Nf6 2. g3 e5 3. Bg2 h6 4. Nf3 e4 5. Nd4 Nc6 6. Nc2 Ne5 7. b3 d6 8. Nc3 Bf5 9. O-O c6 10.
Bb2 Be7 11. c5 O-O 12. Ne3 Bg6 13. Na4 Ned7 14. cxd6 Bxd6 15. Rc1 Re8 16. Bh3 Be5 17. Ba3 Nb6 18. Nc5 Qc7 19. Rc2 Rad8 20.
Qc1 Kh7 21. Nf5 Qc8 22. f4 Bd4+ 23. Nxd4 Qxh3 24. e3 Ng4 25. d3 exd3 26. f5 dxc2 27. fxg6+ fxg6 28. Qxc2 Qxf1+ 0-1